Map: 2000 Atmospheres LE

Players

MaxPax

  • Race: Protoss Protoss

Clem - Winner!

  • Race: Terran Terran

Event: DreamHack SC2 Masters Last Chance 2022

VOD

Have the link to the VOD?

Description

Time

  • Played on: Jan. 13, 2022, 8:54 a.m.
  • Length: 22:21

All games in this series

Show
View Real Time Build Order
Export as new Build Order

MaxPax Protoss 

Build Orders: 1 Gate Expand, Blink Stalkers 

Get SALT Encoding   

  12  0:00  Probe  
  13  0:12  Probe  
  14  0:19  Pylon  
  14  0:24  Probe  
  15  0:37  Probe (Chrono Boost)  
  15  0:38  Gateway  
  16  0:47  Assimilator  
  16  0:48  Probe (Chrono Boost)  
  17  0:53  Probe (Chrono Boost)  
  18  1:03  Probe  
  19  1:15  Probe  
  20  1:22  Pylon  
  20  1:25  Cybernetics Core  
  20  1:37  Nexus  
  20  1:41  Probe  
  20  1:46  Pylon  
  21  1:53  Probe  
  21  1:55  Assimilator  
  21  1:58  Stalker (Chrono Boost)  
  21  2:04  Warp Gate  
  21  2:08  Probe  
  24  2:19  Adept (Chrono Boost)  
  24  2:20  Probe  
  27  2:32  Probe  
  27  2:34  Twilight Council  
  28  2:44  Probe  
  29  2:52  Probe  
  29  2:56  Probe  
  31  3:02  Gateway  
  31  3:04  Blink (Chrono Boost), Probe  
  32  3:08  Probe  
  33  3:16  Probe  
  34  3:20  Probe  
  35  3:28  Robotics Facility, Probe  
  35  3:33  Probe  
  37  3:40  Probe, Pylon  
  38  3:45  Probe  
  38  3:47  Gateway  
  38  3:48  Pylon  
  39  3:52  Stalker  
  39  3:53  Probe  
  42  3:56  Stalker  
  42  3:57  Probe  
  45  4:05  Probe  
  45  4:09  Probe  
  45  4:16  Stalker  
  47  4:17  Probe  
  47  4:20  Observer (Chrono Boost)  
  47  4:21  Stalker, Probe  
  52  4:28  Pylon  
  52  4:32  Nexus  
  52  4:37  Probe  
  54  4:38  Probe  
  54  4:40  Assimilator  
  54  4:42  Stalker  
  56  4:45  Stalker  
  56  4:49  Probe  
  56  4:50  Probe  
  60  4:54  Observer  
  60  4:58  Charge  
  60  5:01  Probe  
  60  5:02  Probe  
  60  5:05  Forge  
  62  5:13  Probe  
  62  5:14  Observer, Probe  
  63  5:15  Gateway  
  63  5:20  Stalker x2  
  68  5:24  Pylon  
  68  5:25  Probe  
  70  5:32  Gateway  
  70  5:41  Gateway, Protoss Ground Weapons Level 1  
  70  5:42  Gateway  
  70  5:45  Shield Battery  
  70  5:46  Observer  
  70  5:49  Probe x3  
  72  5:50  Observer  
  72  5:51  Warp Prism (Chrono Boost)  
  72  5:55  Observer  
  74  6:01  Probe x3, Sentry x2  
  81  6:05  Gateway  
  81  6:13  Probe x2  
  81  6:14  Probe  
  84  6:20  Stalker x2  
  84  6:24  Immortal (Chrono Boost), Pylon  
  88  6:31  Probe  
  93  6:43  Pylon  
  93  6:45  Pylon, Sentry  
  97  6:47  Zealot x2  
  97  6:48  Zealot  
  97  6:50  Pylon  
  101  6:54  Shield Battery  
  101  6:58  Pylon  
  101  7:03  Zealot, Pylon  
  101  7:07  Zealot x3  
  101  7:08  Zealot x2, Probe, Robotics Bay  
  113  7:09  Probe  
  113  7:11  Probe  
  116  7:16  Stalker  
  116  7:18  Pylon  
  114  7:38  Zealot  
  114  7:39  Zealot x6  
  114  7:40  Probe x3  
  131  7:52  Colossus (Chrono Boost), Probe  
  131  7:53  Assimilator x2  
  131  7:54  Pylon  
  138  8:02  Photon Cannon  
  138  8:03  Shield Battery  
  137  8:12  Zealot x6  
  147  8:13  Zealot x2  
  136  8:30  Extended Thermal Lance  
  136  8:33  Sentry  
  136  8:34  Zealot x4, Sentry x2  
  134  8:35  Zealot  
  134  8:39  Colossus (Chrono Boost)  
  106  8:58  Zealot x2  
  106  8:59  Zealot x6  
  106  9:00  Probe  
  121  9:06  Protoss Ground Weapons Level 2 (Chrono Boost)  
  117  9:15  Assimilator  
  115  9:25  Stalker x2  
  115  9:27  Zealot x6  
  115  9:29  Colossus (Chrono Boost)  
  135  9:44  Robotics Facility  
  133  9:58  Probe  
  132  10:05  Nexus  
  132  10:06  Pylon  
  132  10:11  Dark Shrine  
  132  10:12  Stalker x5  
  132  10:13  Warp Prism (Chrono Boost)  
  141  10:30  Sentry  
  141  10:31  Photon Cannon, Sentry  
  141  10:32  Shield Battery  
  145  10:37  Immortal  
  145  10:44  Zealot x2  
  145  10:45  Zealot x4  
  156  11:00  Pylon  
  156  11:05  Disruptor  
  155  11:12  Pylon  
  155  11:16  Disruptor  
  155  11:18  Zealot x4  
  164  11:21  Zealot x4  
  160  11:31  Protoss Ground Weapons Level 3 (Chrono Boost)  
  150  11:39  Zealot  
  152  11:47  Zealot x7  
  158  12:08  Stalker  
  147  12:09  Stalker x5  
  147  12:10  Stalker x2  
  147  12:11  Disruptor  
  145  12:27  Probe  
  142  12:34  Stalker x2  
  141  12:37  Dark Templar x2  
  141  12:40  Dark Templar x4  
  141  12:43  Probe  
  150  12:45  Probe  
  150  12:46  Probe x2  
  150  12:47  Shadow Stride  
  143  12:56  Probe  
  143  12:57  Probe  
  143  12:58  Probe x2  
  144  13:08  Probe  
  144  13:10  Probe x2  
  137  13:16  Stalker x4  
  130  13:21  Observer  
  130  13:23  Photon Cannon, Disruptor  
  130  13:24  Dark Templar  
  136  13:28  Probe  
  136  13:30  Probe  
  136  13:32  Probe  
  139  13:36  Probe  
  136  13:42  Probe  
  136  13:46  Disruptor  
  136  13:48  Probe  
  142  13:50  Assimilator  
  142  13:53  Photon Cannon  
  142  13:55  Pylon  
  141  13:58  Assimilator x2  
  141  13:59  Disruptor  
  142  14:11  Zealot x4  
  142  14:12  Dark Templar x2  
  154  14:22  Disruptor  
  155  14:30  Dark Templar  
  155  14:37  Probe  
  156  14:44  Zealot x2  
  156  14:45  Zealot x5  
  158  15:01  Disruptor  
  158  15:05  Stalker x7  
  135  15:28  Zealot x2  
  135  15:29  Zealot x6  
  135  15:32  Assimilator  
  143  15:50  Stalker x4  
  143  15:51  Stalker x2  
  143  15:55  Disruptor  
  158  15:59  Disruptor  
  157  16:18  Dark Templar x3  
  149  16:45  Assimilator  
  149  16:50  Pylon  
  149  16:57  Disruptor  
  142  17:07  Nexus  
  142  17:08  Disruptor, Pylon  
  134  17:09  Dark Templar x2  
  134  17:13  Pylon  
  134  17:14  Pylon  
  140  17:17  Pylon  
  140  17:22  Zealot x3  
  108  17:47  Dark Templar x4  
  108  17:49  Disruptor  
  116  17:53  Zealot x3  
  112  18:15  Dark Templar  
  114  18:26  Zealot  
  97  18:46  Pylon  
  96  18:51  Disruptor (Chrono Boost)  
  99  19:00  Gateway  
  97  19:04  Gateway  
  93  19:14  Zealot  
  60  19:37  Observer  
  58  19:40  Dark Templar x2  
  58  19:41  Dark Templar  
  62  19:56  Zealot  
  64  20:02  Observer, Probe x2  
  66  20:14  Probe x2  
  66  20:20  Cybernetics Core  
  66  20:23  Observer  
  66  20:24  Disruptor (Chrono Boost)  
  66  20:25  Dark Templar  
  66  20:26  Zealot x4, Probe x2  
  77  20:38  Probe x2  
  78  20:45  Pylon  
  77  21:03  Disruptor  
  74  21:20  Zealot  
  74  21:21  Zealot x2  
  77  21:57  Stalker x3  
Show
View Real Time Build Order
Export as new Build Order

Clem Terran - Winner!

Build Orders:  

Get SALT Encoding   

  12  0:00  SCV  
  13  0:12  SCV  
  14  0:16  Supply Depot  
  14  0:24  SCV  
  15  0:38  SCV  
  15  0:39  Barracks  
  16  0:43  Refinery  
  16  0:50  SCV  
  17  1:02  SCV  
  18  1:14  SCV  
  19  1:26  Marine  
  19  1:27  Orbital Command  
  20  1:40  Command Center  
  20  1:44  Barracks Reactor  
  20  1:52  SCV  
  21  1:55  Supply Depot  
  21  2:04  SCV  
  21  2:07  Barracks  
  22  2:15  Factory  
  22  2:19  SCV  
  22  2:21  Marine  
  22  2:22  Marine  
  24  2:28  Bunker  
  25  2:32  SCV  
  26  2:39  Refinery  
  26  2:40  Marine  
  26  2:41  Marine  
  28  2:44  SCV  
  29  2:53  Orbital Command  
  29  2:57  SCV  
  30  3:00  Barracks Tech Lab  
  30  3:07  Starport  
  30  3:09  SCV  
  31  3:13  Marine x2  
  31  3:17  Factory Tech Lab  
  31  3:19  SCV  
  34  3:21  SCV  
  35  3:27  Stimpack  
  35  3:30  Supply Depot  
  35  3:32  SCV  
  36  3:35  SCV, Marine  
  36  3:37  Marine  
  36  3:40  Marine  
  40  3:44  SCV  
  40  3:47  SCV  
  42  3:50  Supply Depot  
  42  3:53  Marine  
  42  3:55  Raven  
  43  3:56  SCV, Marine  
  43  3:59  SCV  
  43  4:00  Marine  
  49  4:03  Factory Tech Lab  
  49  4:08  Supply Depot, SCV  
  50  4:11  SCV  
  50  4:13  Marine  
  52  4:18  Barracks  
  52  4:19  Marine  
  52  4:20  SCV  
  52  4:23  Siege Tank  
  57  4:26  Marine  
  57  4:29  Supply Depot  
  57  4:30  SCV  
  59  4:34  SCV  
  59  4:36  Refinery  
  59  4:38  Marine  
  59  4:43  Supply Depot, SCV  
  61  4:45  Marine  
  61  4:46  Marine  
  61  4:47  SCV  
  64  4:55  SCV  
  64  4:56  Siege Tank  
  64  4:57  Marine  
  64  4:59  SCV  
  70  5:03  Marine  
  70  5:05  Marauder  
  72  5:07  SCV  
  72  5:11  Supply Depot, SCV  
  72  5:13  Marauder  
  76  5:15  Combat Shield  
  76  5:18  Marine  
  76  5:19  SCV  
  76  5:20  Supply Depot  
  78  5:23  Engineering Bay  
  78  5:24  Starport Reactor  
  78  5:25  SCV  
  79  5:28  Marine  
  79  5:30  Refinery  
  79  5:32  SCV  
  79  5:33  Marauder  
  82  5:37  Marauder  
  82  5:40  Supply Depot  
  82  5:41  Marine  
  85  5:46  Marine  
  85  5:49  Concussive Shells  
  86  5:50  Terran Infantry Weapons Level 1  
  86  5:54  SCV  
  86  5:55  Marauder  
  89  6:00  Command Center  
  89  6:04  Medivac  
  89  6:05  Marine x2  
  89  6:07  Medivac  
  97  6:11  Marauder  
  97  6:13  Supply Depot  
  97  6:22  Marauder  
  97  6:23  Marine x2  
  101  6:30  Supply Depot  
  101  6:34  Marauder, Barracks  
  101  6:35  Barracks  
  101  6:37  SCV x2  
  103  6:40  Marine  
  103  6:41  Marine  
  105  6:48  Supply Depot, Widow Mine  
  105  6:49  Widow Mine, SCV, Starport Reactor  
  105  6:52  Marauder  
  112  6:58  Marine x2  
  111  7:01  Supply Depot  
  111  7:03  SCV x2  
  111  7:06  Marauder  
  115  7:09  Supply Depot  
  115  7:15  Missile Turret  
  115  7:16  Marine x2  
  115  7:22  Marauder  
  119  7:23  Barracks Tech Lab, Barracks Reactor  
  119  7:25  Widow Mine  
  119  7:27  SCV x2  
  119  7:29  Marine  
  124  7:30  Widow Mine  
  124  7:35  Medivac x2  
  124  7:36  Marine x2  
  126  7:42  Supply Depot  
  126  7:43  Marauder x2  
  130  7:45  SCV x2  
  130  7:49  Widow Mine  
  134  7:52  Orbital Command  
  134  7:55  Marine x2  
  134  7:57  Marauder, SCV  
  139  8:00  Marine x2  
  141  8:06  Supply Depot  
  141  8:07  Marauder  
  141  8:11  Marauder  
  143  8:13  SCV  
  143  8:16  Marine  
  143  8:18  Widow Mine x2  
  143  8:19  Marauder  
  145  8:20  SCV  
  145  8:22  Marine  
  145  8:24  Marine  
  143  8:27  Marine  
  143  8:28  SCV  
  143  8:29  Marauder  
  143  8:32  Marine  
  143  8:34  SCV, Marine  
  142  8:36  SCV  
  142  8:39  Marine  
  141  8:42  Medivac, Marine  
  141  8:45  SCV  
  141  8:47  Marine  
  141  8:48  SCV  
  134  8:50  SCV, Marine  
  134  8:54  Marine x2  
  127  8:57  SCV  
  127  9:00  SCV  
  129  9:03  Viking  
  129  9:07  SCV  
  129  9:09  SCV  
  130  9:12  SCV, Viking, Marine x3  
  130  9:16  Siege Tank  
  139  9:18  Marine  
  139  9:19  SCV  
  139  9:21  SCV  
  139  9:22  Terran Infantry Armor Level 1  
  140  9:24  SCV  
  140  9:25  Marauder  
  140  9:29  Marauder  
  145  9:31  SCV  
  145  9:32  Marine  
  145  9:33  Marauder, SCV, Marine  
  151  9:38  SCV  
  151  9:39  Supply Depot x2  
  151  9:40  Marine x2  
  151  9:42  Medivac  
  151  9:43  Medivac  
  158  9:50  Marauder, Marine  
  158  9:51  Supply Depot  
  161  9:55  Marauder  
  161  9:56  Marine x2  
  161  9:58  Siege Tank  
  161  9:59  Marine x2  
  168  10:02  Ghost Academy  
  167  10:08  Marauder  
  167  10:12  Viking  
  167  10:13  Viking  
  175  10:14  Supply Depot  
  175  10:16  Marauder, Marine x3  
  180  10:22  Marine  
  176  10:32  Siege Tank  
  176  10:34  Marine x3  
  176  10:35  Marauder  
  183  10:36  Ghost  
  183  10:37  Ghost  
  183  10:40  Marine  
  185  10:49  Refinery  
  185  10:50  Viking  
  185  10:51  Armory  
  185  10:52  Engineering Bay  
  185  10:53  Command Center, Viking  
  185  10:55  Ghost  
  188  10:59  SCV x2  
  188  11:00  SCV  
  186  11:05  Ghost  
  186  11:09  Marine x2  
  190  11:11  SCV x2  
  190  11:13  Marauder  
  190  11:16  Siege Tank  
  197  11:25  Marauder, SCV  
  185  11:26  Viking  
  185  11:28  Viking  
  185  11:29  Marine x3  
  185  11:30  SCV  
  189  11:36  Marine  
  190  11:42  Refinery  
  190  11:47  Marine  
  190  11:48  Siege Tank  
  194  11:57  Marine x3  
  194  11:59  SCV  
  194  12:00  SCV  
  194  12:01  Marauder  
  180  12:03  Marauder, SCV  
  164  12:08  Marauder  
  164  12:10  Marine  
  164  12:12  SCV  
  164  12:14  Marine x2  
  158  12:19  Medivac  
  158  12:20  SCV, Siege Tank  
  158  12:22  Marauder, Marine  
  142  12:23  SCV  
  142  12:25  Marauder, Orbital Command  
  143  12:30  Marine  
  143  12:31  Marine  
  143  12:32  Marine  
  143  12:34  SCV  
  142  12:38  SCV  
  142  12:40  SCV  
  142  12:46  SCV  
  142  12:48  Marine  
  142  12:50  SCV, Marine  
  144  12:52  SCV  
  144  12:53  Siege Tank  
  144  12:54  SCV  
  141  12:59  Marine x3  
  141  13:01  Marine  
  142  13:05  SCV x2  
  142  13:06  Orbital Command  
  142  13:10  SCV  
  137  13:17  SCV  
  137  13:19  SCV  
  139  13:21  Medivac  
  139  13:24  SCV  
  139  13:25  Ghost  
  142  13:30  SCV  
  142  13:31  SCV  
  142  13:33  SCV  
  144  13:39  Medivac  
  144  13:41  SCV  
  143  13:44  SCV  
  143  13:47  SCV x2  
  146  13:50  Ghost  
  146  13:53  SCV  
  146  13:54  Medivac  
  151  13:57  Missile Turret  
  151  14:00  SCV  
  151  14:01  SCV x2  
  152  14:05  SCV  
  152  14:09  Viking  
  155  14:13  SCV  
  155  14:16  Terran Infantry Weapons Level 2  
  156  14:20  Marauder  
  156  14:22  SCV  
  159  14:28  SCV  
  160  14:32  Siege Tank  
  160  14:34  SCV  
  160  14:37  SCV  
  163  14:40  Marine  
  163  14:42  Marauder x2, SCV  
  168  14:46  SCV  
  168  14:52  Marauder  
  169  14:55  Marine x2  
  169  14:56  SCV  
  169  14:58  SCV, Marine  
  148  15:03  Marauder x2  
  152  15:12  SCV, Marine  
  152  15:13  Marauder  
  143  15:15  Marine  
  143  15:17  Marine  
  142  15:24  Marauder x2  
  142  15:25  Siege Tank  
  147  15:30  Marine  
  147  15:33  Marine  
  147  15:35  Marauder  
  147  15:42  Marine  
  133  15:43  SCV  
  133  15:45  Ghost  
  133  15:46  Liberator x2  
  133  15:47  Terran Infantry Armor Level 2  
  133  15:48  Ghost  
  133  15:49  Marine  
  144  15:50  SCV  
  144  15:56  Marauder, SCV  
  148  16:00  Marine  
  145  16:07  Marine  
  145  16:08  Siege Tank  
  140  16:14  Marauder  
  140  16:18  Marine  
  142  16:20  SCV  
  142  16:23  Marine  
  142  16:25  Marauder  
  145  16:28  Marine  
  145  16:31  Marauder  
  140  16:36  Marauder  
  142  16:40  Siege Tank, Marine  
  142  16:41  Marine  
  143  16:52  Marauder  
  139  16:57  Marauder  
  139  17:02  Marine  
  139  17:04  Marine  
  138  17:09  Orbital Command  
  137  17:19  Marine  
  137  17:21  Missile Turret  
  125  17:32  Marine  
  125  17:34  Marine  
  125  17:37  Marine x2  
  125  17:41  Siege Tank, Orbital Command  
  125  17:42  Marauder  
  129  17:55  Marauder  
  129  17:57  Marine  
  129  18:01  Marine  
  129  18:02  Missile Turret  
  129  18:03  Marine  
  126  18:06  Marine  
  126  18:08  Marine  
  111  18:15  Marine  
  108  18:27  Siege Tank  
  108  18:29  Marine  
  108  18:30  Marauder  
  113  18:36  Medivac  
  112  18:44  Medivac, Marine  
  112  18:45  Marine x2  
  112  18:46  Marine  
  118  18:51  Marine x2  
  118  18:55  SCV x2  
  122  18:56  SCV  
  112  19:25  Marine  
  112  19:27  Marine  
  107  19:32  Marine x2  
  107  19:33  Marine x2  
  86  19:43  Marine  
  86  19:45  SCV, Marine  
  87  19:46  SCV x2  
  87  19:48  Refinery  
  87  19:49  Refinery  
  87  19:50  Refinery, Marine x2  
  87  19:51  Marine x2  
  87  19:52  Refinery  
  94  19:57  SCV  
  94  19:58  SCV  
  94  19:59  SCV  
  97  20:01  Marine  
  98  20:09  SCV  
  98  20:10  SCV  
  98  20:11  SCV  
  98  20:18  Marauder, Marine  
  98  20:19  Marine  
  100  20:21  SCV  
  100  20:22  SCV  
  100  20:23  Marine  
  100  20:24  SCV  
  104  20:30  Marine  
  104  20:31  Marauder, Widow Mine  
  104  20:34  SCV  
  109  20:36  Marine  
  109  20:37  Marine  
  109  20:40  Marauder  
  113  20:47  SCV  
  113  20:48  Marauder  
  116  20:52  Marauder  
  116  20:54  Marine  
  116  21:01  Marauder  
  115  21:09  Marauder  
  115  21:10  Medivac, Siege Tank, Marine  
  123  21:13  Marauder  
  123  21:15  Marine  
  126  21:20  Marine  
  126  21:22  Marine  
  128  21:31  Marauder  
  130  21:35  Marauder  
  128  21:49  Ghost  
  128  21:50  Marine  
  128  21:53  Marine  
  125  21:55  Marauder, Marine  
  125  21:59  Widow Mine  
  128  22:02  Marine  

Tags
 
Add a new tag
Caveats
  • Supply blocks, unpowered buildings, or Contaminate may cause inaccurate times.
  • Supply counts are checked every 10 seconds.